 Dungeon Crawl Stone Soup version 0.30-a0-358-g0d69a1922f (webtiles) character file.

Game seed: 10292025775760565962

50 p00ps00p the Trooper (level 3, -2/33 HPs)
             Began as a Hill Orc Fighter on Nov 9, 2022.
             Killed by nerve-wracking pain
             ... invoked by Jessica
              (11 damage)
             ... on level 2 of the Dungeon.
             The game lasted 00:01:13 (915 turns).

p00ps00p the Trooper (Hill Orc Fighter)              Turns: 915, Time: 00:01:13

Health: -2/33      AC:  7    Str: 20    XL:     3   Next: 79%
Magic:  3/3        EV:  9    Int:  8    God:
Gold:   62         SH:  4    Dex: 10    Spells: 2/2 levels left

rFire   . . .      SeeInvis .    a - +0 war axe
rCold   . . .      Faith    .    c - +0 buckler
rNeg    . . .      Spirit   .    b - +0 scale mail
rPois   .          Reflect  .    (no helmet)
rElec   .          Harm     .    (no cloak)
rCorr   .          Rampage  .    (no gloves)
Will    .....                    (no boots)
Stlth   ..........               (no amulet)
HPRegen 0.25/turn                (no ring)
MPRegen 0.08/turn                (no ring)

@: mighty
A: no striking features
a: no special abilities


You were on level 2 of the Dungeon.
You visited 1 branch of the dungeon, and saw 2 of its levels.

You collected 62 gold pieces.

Inventory:

Hand Weapons
 a - a +0 war axe (weapon)
Missiles
 e - 4 atropa-tipped darts (quivered)
 p - a throwing net
Armour
 b - a +0 scale mail (worn)
 c - a +0 buckler (worn)
Jewellery
 l - a ring of positive energy
Scrolls
 g - 4 scrolls of identify {unknown}
 k - a scroll of butterflies {unknown}
 o - a scroll of poison {unknown}
Potions
 f - 2 potions of flight {unknown}
 h - a potion of heal wounds {unknown}
 i - a potion of invisibility {unknown}
 j - a potion of degeneration {unknown}
 m - a potion of attraction {unknown}
 n - a potion of haste {unknown}


   Skills:
 + Level 4.1 Fighting
 + Level 3.5 Axes
 + Level 3.8 Armour
 + Level 3.8 Shields


You had 2 spell levels left.
You didn't know any spells.
Your spell library contained the following spells:

 Spells                   Type           Power      Damage    Failure   Level
 Sandblast                Erth           0%         2d4       85%         1
 Passwall                 Tmut/Erth      0%         N/A       94%         2
 Stone Arrow              Conj/Erth      0%         3d7       99%         3


Dungeon Overview and Level Annotations

Branches:
Dungeon (2/15)

Altars:

Annotations:
D:2 Jessica


Message History

You are too injured to fight recklessly!
You are too injured to fight recklessly!
You are too injured to fight recklessly!
You are too injured to fight recklessly!
You are too injured to fight recklessly!
You are too injured to fight recklessly!
You are too injured to fight recklessly!
You are too injured to fight recklessly!
You are too injured to fight recklessly!
You are too injured to fight recklessly!
You are too injured to fight recklessly!
You are too injured to fight recklessly!
You are too injured to fight recklessly!
You are too injured to fight recklessly!
You are too injured to fight recklessly!
You are too injured to fight recklessly!
You are too injured to fight recklessly!
You are too injured to fight recklessly!
You are too injured to fight recklessly!
You are too injured to fight recklessly!
You are too injured to fight recklessly!
You are too injured to fight recklessly!
You are too injured to fight recklessly!
You hit Jessica.
Jessica is moderately wounded.
Jessica hits you but does no damage. Jessica hits you with a +0 club.
You hit Jessica but do no damage.
Jessica is moderately wounded.
Jessica hits you with a +0 club. Jessica misses you.
You hit Jessica but do no damage.
Jessica is moderately wounded.
You feel yourself speed up. Jessica misses you.
Jessica hits you with a +0 club.
* * * LOW HITPOINT WARNING * * *
You feel very mighty all of a sudden.
Jessica mumbles some strange words.
Jessica blinks!
Jessica points at you and mumbles some strange words.
Pain shoots through your body!
You die...

..~.......##
##.########
....#######
#.# ###. #.#
## #.# #.#
#### #.#
...##.##
#.#...##
#.@....#####
#.#.........
#@##.#.#####
#. ....#
####.### #+#


You could see Jessica.

Vanquished Creatures
  3 adders (D:2)
  A worm (D:2)
  2 endoplasms
  A giant cockroach (D:1)
  2 goblins (D:1)
  4 kobolds (D:1)
  2 quokkas (D:2)
  A bat (D:1)
  5 rats (D:1)
21 creatures vanquished.

Notes
Turn   | Place    | Note
-------+----------+-------------------------------------------
     0 | D:1      | p00ps00p the Hill Orc Fighter began the quest for the Orb.
     0 | D:1      | Reached XP level 1. HP: 19/19 MP: 1/1
   267 | D:1      | Reached XP level 2. HP: 27/27 MP: 2/2
   716 | D:2      | Reached skill level 4 in Fighting
   716 | D:2      | Reached XP level 3. HP: 33/33 MP: 3/3
   903 | D:2      | Noticed Jessica
   915 | D:2      | Killed from afar by Jessica

Illustrated notes

Levels and vault maps discovered:
D:1:      nzn_arrival_settlement, layout_loops_ring, minivault_14,
          nicolae_titane
D:2:      layout_loops_corners, basic_ecumenical_altar, serial_rivers,
          chequers_serial_rivers_micro_a, chequers_serial_rivers_large_a,
          chequers_serial_rivers_micro_a, chequers_serial_rivers_room_b,
          uniq_natasha, uniq_jessica

Skill      XL: |  1  2 |
---------------+-------+-----
Axes           | 3 |  3.5
Fighting       | 4 |  4.1
Armour         | |  3.8
Shields        | |  3.8

Action                   || total
-------------------------++-------
Melee: War axe           ||    69
  Use: Potion            ||     1
Armor: Scale mail        ||    42
Dodge: Dodged            ||    39
Block: Buckler           ||    12

Table legend: (Time is in decaauts)
 A = Elapsed time spent in this place.
 B = Non-inter-level travel time spent in this place.
 C = Inter-level travel time spent in this place.
 D = Time resting spent in this place.
 E = Time spent auto-exploring this place.
 F = Levels seen in this place.
 G = Mean time per level.
                   A        B        C        D        E       F      G
               +--------+--------+--------+--------+--------+-----+--------+
         Total |    950 |    937 |     13 |      0 |    750 |   2 |  475.0 |
       Dungeon |    950 |    937 |     13 |      0 |    750 |   2 |  475.0 |
               +--------+--------+--------+--------+--------+-----+--------+

Top non-repeatable levels by time:
     D:1: 692 daAuts
     D:2: 258 daAuts
